 Dungeon Crawl Stone Soup version 0.29.1-4-g47bece8355 (webtiles) character file.

Game seed: 6725044720450203445

3288 kingsuperguy the Basher (level 9, 0/118 HPs)
             Began as a Minotaur Berserker on Dec 2, 2022.
             Was a Priest of Trog.
             Succumbed to a hornet's poison
             ... on level 7 of the Dungeon.
             The game lasted 00:09:14 (9766 turns).

kingsuperguy the Basher (Minotaur Berserker)        Turns: 9766, Time: 00:09:15

Health: 0/118      AC: 24    Str: 26    XL:     9   Next: 69%
Magic:  8/8        EV:  2    Int:  4    God:    Trog [***...]
Gold:   370        SH:  0    Dex: 10    Spells: 8/8 levels left

rFire   . . .      SeeInvis .   f - +3 mace
rCold   . . .      Faith    .   n - orb {mayhem}
rNeg    + . .      Spirit   .   (body armour currently unavailable)
rPois   +          Reflect  .   (helmet currently unavailable)
rElec   .          Harm     .   (cloak currently unavailable)
rCorr   .          Rampage  .   (gloves currently unavailable)
Will    .....      NoTele   +   (boots currently unavailable)
Stlth   ++........              (no amulet)
HPRegen 0.29/turn               d - ring of positive energy
MPRegen 0.11/turn               (no ring)

@: lethally poisoned (0 -> -19), tree-form, on berserk cooldown, slowed, very
slow
A: stationary, stasis, torment immunity, boosted hp, (horns 2), (retaliatory
headbutt)
a: Renounce Religion, Berserk, Trog's Hand


You were on level 7 of the Dungeon.
You worshipped Trog.
Trog was most pleased with you.
You were a tree.
You visited 1 branch of the dungeon, and saw 7 of its levels.

You collected 370 gold pieces.

Inventory:

Hand Weapons
 a - a +0 hand axe
 f - a +3 mace (weapon)
 B - a +2 falchion of venom
Missiles
 q - 2 atropa-tipped darts (quivered)
 r - 5 poisoned darts
Armour
 b - a +0 animal skin
 m - a +0 leather armour
 n - an orb of mayhem (worn)
 t - a +0 ring mail
 v - a +0 chain mail (melded)
Jewellery
 d - a ring of positive energy (left branch)
 x - an amulet of magic regeneration
 A - a ring of fire
 F - a +4 ring of evasion
Wands
 y - a wand of iceblast (7)
 E - a wand of mindburst (11)
Scrolls
 e - 2 scrolls of teleportation {unknown}
 g - a scroll of vulnerability {unknown}
 i - a scroll of brand weapon {unknown}
 j - 8 scrolls of identify {unknown}
 l - 2 scrolls of enchant weapon {unknown}
 o - a scroll of amnesia {unknown}
 p - a scroll of enchant armour {unknown}
 z - a scroll of blinking {unknown}
 D - a scroll of noise {unknown}
 G - a scroll of butterflies {unknown}
Potions
 c - 3 potions of curing {unknown}
 h - 3 potions of heal wounds {unknown}
 k - 3 potions of lignification
 s - 3 potions of might {unknown}
 u - 2 potions of brilliance {unknown}
 w - a potion of ambrosia {unknown}
 C - a potion of haste {unknown}


   Skills:
 + Level 7.5 Fighting
 - Level 3.6(8.3) Axes
 * Level 11.6(11.9) Maces & Flails
 + Level 8.4 Armour
 + Level 4.2 Dodging
 + Level 1.5 Stealth


You had 8 spell levels left.
You didn't know any spells.
Your spell library was empty.

Dungeon Overview and Level Annotations

Branches:
Dungeon (7/15)             Temple (0/1) D:6

Altars:
Elyvilon
Fedhas
Gozag
Hepliaklqana
Ru
Trog
Uskayaw
Vehumet
Yredelemnul
The Shining One

Shops:
D:7 *

Annotations:
D:4 2 transporters


Innate Abilities, Weirdness & Mutations

You are a tree.
Your roots penetrate the ground, keeping you stationary.
You cannot be teleported.
You are immune to unholy pain and torment.
Your maximum health is greatly increased.
Your equipment is partially melded.
((You have a pair of horns on your head.))
((You reflexively headbutt those who attack you in melee.))


Message History

You barely miss the hornet. Your headbutt misses the hornet.
The hornet is almost dead.
You feel very sick.
The hornet stings you but does no damage.
You hit the hornet but do no damage.
The hornet is almost dead.
You feel sick.
The hornet stings you but does no damage.
You miss the hornet.
The hornet is almost dead.
You feel sick. The hornet closely misses you. The hornet stings you.
* * * LOW HITPOINT WARNING * * *
You are more poisoned.
You feel as though you will be slow longer.
You closely miss the hornet.
The hornet is almost dead.
You feel very sick. The hornet stings you.
* * * LOW HITPOINT WARNING * * *
You are lethally poisoned!
You feel as though you will be slow longer.
You sock the hornet!
You kill the hornet!
Trog accepts your kill.
* * * LOW HITPOINT WARNING * * *
You feel very sick.
You are too berserk!
You are too berserk!
There is a lethal amount of poison in your body!
You are too berserk!
You are too berserk!
You are no longer berserk.
You are exhausted.
You feel as though you will be slow longer.
* * * LOW HITPOINT WARNING * * *
You feel very sick.
It was a potion of lignification.
You turn into a tree.
Your +0 chain mail melds into your body.
Your roots penetrate the ground.
You die...

.........# .........#
.##.##..### ####
###.##..##..#####...
.........#.........#
###......#.........#
≈≈#......#.........#
≈≈#####.## #.# .≈# ###
#####♣###.####...# ≈§#
+.....#..........# §≈#
#.....#.....>....## ###
#.....+...........+ #
##...###..##......# #
#######...###..##.....# ###
##..............##.....#####
..#
#......................##...
..#
#######....###..##.....)....


There were no monsters in sight!

Vanquished Creatures
  The ghost of kingsuperguy the Slasher, an amateur MiBe of Trog (D:5)
  A hornet (D:7)
  Sigmund (D:6)
  Eustachio (D:5)
  A steam dragon (D:7)
  A water moccasin (D:7)
  A sky beast (D:7)
  3 black bears
  2 ice beasts
  2 orc warriors
  An ogre (D:3)
  3 phantoms
  3 scorpions
  5 bullfrogs
  An electric eel (D:7)
  3 jellies
  3 orc priests
  7 hounds
  An iguana (D:4)
  2 orc wizards
  A centaur simulacrum (D:5)
  A gnoll (D:4)
  7 adders
  2 hound simulacra (D:5)
  A shadow imp (D:6)
  2 white imps
  A howler monkey simulacrum (D:5)
  An ufetubus (D:5)
  3 worms
  2 dart slugs (D:1)
  15 orcs
  6 ball pythons
  6 endoplasms
  2 giant cockroaches
  7 goblins
  3 hobgoblins
  12 jackals
  3 quokkas
  7 bats
  4 frilled lizards
  5 kobolds
  6 rats
140 creatures vanquished.

Vanquished Creatures (collateral kills)
  An orc priest (D:6)
  A hound (D:5)
  2 gnolls (D:4)
  2 orcs
  A hobgoblin (D:4)
7 creatures vanquished.

Vanquished Creatures (others)
  An orc priest (D:4)
  An orc (D:5)
  A plant (D:2)
3 creatures vanquished.

Grand Total: 150 creatures vanquished

Notes
Turn   | Place    | Note
-------+----------+-------------------------------------------
     0 | D:1      | kingsuperguy the Minotaur Berserker began the quest for the
                  | Orb.
     0 | D:1      | Reached XP level 1. HP: 19/19 MP: 0/0
   350 | D:1      | Reached XP level 2. HP: 14/27 MP: 1/1
   925 | D:1      | Reached skill level 1 in Maces & Flails
  1040 | D:1      | Reached XP level 3. HP: 33/33 MP: 2/2
  1699 | D:2      | Found a faded altar of an unknown god.
  2131 | D:3      | Reached skill level 2 in Maces & Flails
  2195 | D:3      | Reached XP level 4. HP: 39/41 MP: 3/3
  2608 | D:3      | Noticed an ogre
  2613 | D:3      | Killed an ogre
  2614 | D:3      | Reached skill level 3 in Maces & Flails
  2614 | D:3      | Reached skill level 1 in Stealth
  2614 | D:3      | Reached XP level 5. HP: 27/47 MP: 4/4
  3019 | D:3      | Found an opulent altar of Gozag.
  3024 | D:3      | Reached ** piety under Trog
  3284 | D:3      | Reached skill level 4 in Maces & Flails
  3512 | D:4      | Noticed a fire bat
  3513 | D:4      | Found a transporter.
  3513 | D:4      | Noticed a fire bat
  3514 | D:4      | Noticed a fire bat
  3769 | D:4      | Noticed a black bear
  3776 | D:4      | Killed a black bear
  3777 | D:4      | Reached skill level 5 in Fighting
  3777 | D:4      | Reached skill level 5 in Maces & Flails
  3777 | D:4      | Reached XP level 6. HP: 44/56 MP: 5/5
  4232 | D:4      | Found a transporter.
  4277 | D:4      | Reached skill level 6 in Maces & Flails
  4644 | D:4      | Reached XP level 7. HP: 58/61 MP: 6/6
  5306 | D:5      | Entered Level 5 of the Dungeon
  5460 | D:5      | Found a bloodstained altar of Trog.
  5460 | D:5      | Found a blossoming altar of Fedhas.
  5542 | D:5      | Found a runed translucent gate.
  5542 | D:5      | Found a runed translucent gate.
  5542 | D:5      | Found a runed translucent gate.
  5692 | D:5      | Reached skill level 7 in Maces & Flails
  5702 | D:5      | Noticed kingsuperguy's ghost (amateur MiBe)
  5733 | D:5      | Killed kingsuperguy's ghost
  5734 | D:5      | Reached skill level 5 in Armour
  5986 | D:5      | Noticed Eustachio
  5998 | D:5      | Reached XP level 8. HP: 59/70 MP: 7/7
  6008 | D:5      | Killed Eustachio
  6009 | D:5      | Reached skill level 8 in Maces & Flails
  6611 | D:5      | Found a hide-covered altar of Uskayaw.
  6777 | D:5      | Found a basalt altar of Yredelemnul.
  7246 | D:6      | Reached skill level 9 in Maces & Flails
  7537 | D:6      | Found a staircase to the Ecumenical Temple.
  7599 | D:6      | Found a sacrificial altar of Ru.
  7672 | D:6      | Noticed Sigmund
  7679 | D:6      | Killed Sigmund
  7712 | D:6      | Reached XP level 9. HP: 63/78 MP: 8/8
  8142 | D:6      | Reached skill level 10 in Maces & Flails
  8192 | D:6      | Found a radiant altar of Vehumet.
  8377 | D:6      | Found a hazy altar of Hepliaklqana.
  9381 | D:7      | Found a white marble altar of Elyvilon.
  9388 | D:7      | Reached skill level 11 in Maces & Flails
  9400 | D:7      | Reached *** piety under Trog
  9584 | D:7      | Found a glowing golden altar of the Shining One.
  9634 | D:7      | Found Ojeco's Assorted Antiques.
  9751 | D:7      | Paralysed by a hornet for 1 turns
  9766 | D:7      | Succumbed to a hornet's poison

Illustrated notes

Levels and vault maps discovered:
D:1:      shiori_arrival_elements, layout_loops_ring, kennysheep_another_room
D:2:      layout_basic, dreamdust_ecumenical_altar_grove,
          guppyfry_early_lair_pool
D:3:      layout_loops_corners, mainiacjoe_overflow_catwalk
D:4:      gammafunk_cloud_chamber, layout_loops_corners,
          kennysheep_generic_room_4
D:5:      layout_loops_ring, yredelemnul_altar_generic, general_overflow_altar,
          gammafunk_temple_overflow_wave, gammafunk_ghost_icy,
          kennysheep_cross_room, uniq_eustachio
D:6:      layout_basic, nicolae_hepliaklqana_hippocampus,
          lemuel_coloured_pillars_altar, nicolae_ru_awakened_eye,
          minmay_temple_entry_offerings, nrook_uturn,
          ebering_dispersal_statue_hall, uniq_sigmund
D:7:      layout_gridville, lemuel_round_altar, elyvilon_altar_5, serial_shops,
          kennysheep_little_box, serial_bayou_ford_a, kennysheep_nondescript

Skill      XL: |  1  2  3  4  5  6  7  8  9 |
---------------+----------------------------+-----
Fighting       | 4 5 6 7 |  7.5
Maces & Flails | 1 2 3 5 6 7 9 11 | 11.6
Armour         | 3 5 7 8 |  8.4
Stealth        | 1 |  1.5
Dodging        | 3 4 |  4.2
Axes           | |  3.6

Action                   |  1- 3 |  4- 6 |  7- 9 || total
-------------------------+-------+-------+-------++-------
Melee: Mace              |    77 |    90 |   227 ||   394
       Headbutt          |     7 |    17 |    36 ||    60
Invok: Berserk           |       |     2 |     5 ||     7
  Use: Potion            |       |       |     1 ||     1
 Stab: Sleeping          |     2 |     1 |       ||     3
Armor: Animal skin       |    19 |       |       ||    19
       Leather armour    |     7 |     9 |       ||    16
       Ring mail         |       |     5 |       ||     5
       Chain mail        |       |    17 |   121 ||   138
Dodge: Dodged            |    61 |    52 |   113 ||   226
